[Event "12th Philadelphia Open"]
[Site "Philadelphia"]
[Date "2018.03.28"]
[Round "1"]
[White "Li, Ruifeng"]
[Black "Liang, Hairan"]
[Result "1-0"]
[ECO "C45"]
[WhiteElo "2585"]
[BlackElo "2173"]
[PlyCount "63"]
[EventDate "2018.03.??"]
[EventType "swiss"]
[EventRounds "9"]
[EventCountry "USA"]
[TimeControl "5400+30"]

1. e4 e5 2. Nf3 Nf6 3. Nc3 Nc6 4. d4 exd4 5. Nxd4 Bb4 6. Nxc6 bxc6 7. Bd3 d5 8.
exd5 cxd5 9. O-O O-O 10. h3 c6 11. Qf3 Rb8 12. Bg5 Bd6 13. Rab1 Re8 14. b3 h6
15. Bxf6 Qxf6 16. Qxf6 gxf6 17. Rbd1 Bb7 18. Ne2 c5 19. Ng3 Kh8 20. f4 Rg8 21.
Nh5 Be7 22. Rfe1 Bd8 23. Bf5 Bc6 24. Bg4 d4 25. Kf2 f5 26. Bf3 Rb6 27. Re5 Bxf3
28. Kxf3 Rbg6 29. g3 Bc7 30. Rxf5 Re8 31. Rxf7 Re3+ 32. Kf2 1-0

[Event "12th Philadelphia Open"]
[Site "Philadelphia"]
[Date "2018.03.28"]
[Round "1"]
[White "Markzon, Gregory"]
[Black "Tang, Andrew"]
[Result "0-1"]
[ECO "E07"]
[WhiteElo "2169"]
[BlackElo "2509"]
[PlyCount "52"]
[EventDate "2018.03.??"]
[EventType "swiss"]
[EventRounds "9"]
[EventCountry "USA"]
[TimeControl "5400+30"]

1. d4 d5 2. c4 e6 3. Nc3 Be7 4. g3 Nf6 5. Bg2 O-O 6. Nf3 c6 7. O-O Nbd7 8. Qd3
b6 9. e4 Ba6 10. b3 Rc8 11. Rd1 b5 12. exd5 bxc4 13. bxc4 cxd5 14. Ne5 Nxe5 15.
dxe5 Nd7 16. Bf4 Bxc4 17. Qf3 Qa5 18. Rac1 Rfd8 19. h4 Nc5 20. Bg5 Bxg5 21.
hxg5 d4 22. Qg4 Nd3 23. Ne4 Nxc1 24. Nf6+ Kf8 25. Nxh7+ Ke7 26. f4 Be2 0-1

[Event "12th Philadelphia Open"]
[Site "Philadelphia"]
[Date "2018.03.28"]
[Round "1"]
[White "Niemann, Hans"]
[Black "Oberoi, Shelev"]
[Result "1-0"]
[ECO "D00"]
[WhiteElo "2302"]
[BlackElo "1924"]
[PlyCount "77"]
[EventDate "2018.03.??"]
[EventType "swiss"]
[EventRounds "9"]
[EventCountry "USA"]
[TimeControl "5400+30"]

1. d4 d5 2. Bf4 Nf6 3. e3 c5 4. Nf3 Nc6 5. c3 Qb6 6. Qb3 c4 7. Qc2 Bf5 8. Qc1
Nh5 9. Bg5 h6 10. Bh4 g5 11. Bg3 Nxg3 12. hxg3 Bg7 13. Nbd2 Rc8 14. Be2 e6 15.
Bd1 e5 16. dxe5 g4 17. Nh4 Nxe5 18. O-O Bd3 19. Re1 f5 20. Ba4+ Kf7 21. Bc2 Qe6
22. b3 cxb3 23. Bxb3 Rxc3 24. Qa3 Ba6 25. e4 Rxb3 26. Qxb3 fxe4 27. Rac1 Nd3
28. Rc7+ Kf6 29. Rxe4 dxe4 30. Qc3+ Qe5 31. Nxe4+ Ke6 32. Qb3+ Qd5 33. Re7+
Kxe7 34. Qxd5 Rf8 35. Ng6+ Ke8 36. Qe6+ Kd8 37. Qe7+ Kc8 38. Nd6+ Kb8 39. Nxf8
1-0

[Event "12th Philadelphia Open"]
[Site "Philadelphia"]
[Date "2018.03.28"]
[Round "1"]
[White "Popilski, Gil"]
[Black "Wang, Eigen"]
[Result "1-0"]
[ECO "D11"]
[WhiteElo "2502"]
[BlackElo "2162"]
[PlyCount "85"]
[EventDate "2018.03.??"]
[EventType "swiss"]
[EventRounds "9"]
[EventCountry "USA"]
[TimeControl "5400+30"]

1. d4 d5 2. c4 c6 3. Nf3 Nf6 4. Qb3 dxc4 5. Qxc4 Bf5 6. g3 Nbd7 7. Bg2 e6 8.
O-O Be7 9. Qb3 Qb6 10. Nbd2 O-O 11. Nc4 Qa6 12. Bd2 Ne4 13. Rfc1 Nxd2 14. Nfxd2
Rab8 15. a4 Nb6 16. Nxb6 Qxb6 17. Qxb6 axb6 18. Nc4 Bd8 19. b4 b5 20. axb5 cxb5
21. Nd6 Be7 22. Nxf5 exf5 23. Ra5 Bxb4 24. Rxb5 Bd6 25. Rxf5 b5 26. Rc6 Be7 27.
Bd5 b4 28. Bb3 g6 29. Rf3 Rb7 30. e4 Bg5 31. Rd3 Ra8 32. Kg2 Kf8 33. e5 Ra1 34.
Rc8+ Kg7 35. f4 Be7 36. d5 Raa7 37. d6 Bf8 38. Bd5 Rb5 39. Bb3 Rbb7 40. g4 Rd7
41. f5 Ra5 42. f6+ Kg8 43. e6 1-0

[Event "12th Philadelphia Open"]
[Site "Philadelphia"]
[Date "2018.03.28"]
[Round "1"]
[White "Sevian, Samuel"]
[Black "Kretchetov, Alexandre"]
[Result "1-0"]
[ECO "C76"]
[WhiteElo "2619"]
[BlackElo "2244"]
[PlyCount "57"]
[EventDate "2018.03.??"]
[EventType "swiss"]
[EventRounds "9"]
[EventCountry "USA"]
[TimeControl "5400+30"]

1. e4 e5 2. Nf3 Nc6 3. Bb5 g6 4. c3 a6 5. Ba4 d6 6. d4 Bd7 7. Bg5 Be7 8. Be3
Nf6 9. d5 Nb8 10. Bc2 O-O 11. h3 c6 12. Nxe5 dxe5 13. d6 Nh5 14. dxe7 Qxe7 15.
Nd2 Be6 16. a4 a5 17. O-O Nd7 18. Qe2 Qf6 19. Bh6 Rfe8 20. Nf3 Qe7 21. Rfd1 f6
22. Be3 Rad8 23. Rd2 Nf4 24. Qf1 Nc5 25. Rad1 Rxd2 26. Rxd2 Nb3 27. Rd1 Rd8 28.
Rxd8+ Qxd8 29. c4 1-0

[Event "12th Philadelphia Open"]
[Site "Philadelphia"]
[Date "2018.03.28"]
[Round "1"]
[White "Shabalov, Alexander"]
[Black "Guo, Arthur"]
[Result "1/2-1/2"]
[ECO "B23"]
[WhiteElo "2568"]
[BlackElo "2208"]
[PlyCount "82"]
[EventDate "2018.03.??"]
[EventType "swiss"]
[EventRounds "9"]
[EventCountry "USA"]
[TimeControl "5400+30"]

1. e4 c5 2. Nc3 a6 3. f4 e6 4. Nf3 d5 5. d3 dxe4 6. dxe4 Qxd1+ 7. Nxd1 Nc6 8.
c3 Nf6 9. Nf2 b5 10. Be3 Bb7 11. Be2 Be7 12. O-O O-O 13. a4 c4 14. Nd2 Rfd8 15.
Rfd1 e5 16. Bb6 Re8 17. Nf3 exf4 18. e5 Bd8 19. Bxd8 Raxd8 20. axb5 axb5 21.
Rxd8 Nxd8 22. Bxc4 bxc4 23. exf6 gxf6 24. Nd4 Nc6 25. Nf5 Ne5 26. Rd1 f3 27.
Nd6 Rb8 28. Nxb7 Rxb7 29. Rd2 Ra7 30. Ne4 Kg7 31. Kf2 fxg2 32. Kxg2 f5 33. Nd6
f4 34. Rd4 f3+ 35. Kg3 Ra2 36. Nxc4 Nxc4 37. Rxc4 Rxb2 38. Rg4+ Kf8 39. Rf4
Rg2+ 40. Kh3 Rf2 41. Kg3 Rg2+ 1/2-1/2

[Event "12th Philadelphia Open"]
[Site "Philadelphia"]
[Date "2018.03.28"]
[Round "1"]
[White "Shetty, Atulya"]
[Black "Zhou, Liran"]
[Result "1-0"]
[ECO "E65"]
[WhiteElo "2391"]
[BlackElo "2046"]
[PlyCount "49"]
[EventDate "2018.03.??"]
[EventType "swiss"]
[EventRounds "9"]
[EventCountry "USA"]
[TimeControl "5400+30"]

1. c4 Nf6 2. g3 g6 3. Bg2 Bg7 4. Nf3 O-O 5. O-O d6 6. Nc3 c5 7. d4 Nc6 8. dxc5
dxc5 9. Be3 Qa5 10. Qa4 Qb4 11. Qxb4 cxb4 12. Nd5 Ng4 13. Bc5 Bxb2 14. Rab1 Bc3
15. Bxb4 Bxb4 16. Nxb4 Bd7 17. h3 Nf6 18. Nd5 Rab8 19. Rfd1 Bf5 20. Rb2 Be4 21.
Nd4 Nxd5 22. cxd5 Bxg2 23. Kxg2 Nxd4 24. Rxd4 Rfd8 25. e4 1-0

[Event "12th Philadelphia Open"]
[Site "Philadelphia"]
[Date "2018.03.28"]
[Round "1"]
[White "Wang, Qibiao"]
[Black "Zhou, Aiden"]
[Result "1-0"]
[ECO "A16"]
[WhiteElo "2324"]
[BlackElo "1977"]
[PlyCount "93"]
[EventDate "2018.03.??"]
[EventType "swiss"]
[EventRounds "9"]
[EventCountry "USA"]
[TimeControl "5400+30"]

1. c4 Nf6 2. Nc3 g6 3. g3 Bg7 4. Bg2 O-O 5. e4 d6 6. Nge2 c5 7. O-O Nc6 8. d3
Ne8 9. Be3 Nc7 10. d4 cxd4 11. Nxd4 Bd7 12. Nxc6 Bxc6 13. Qd2 Re8 14. Rac1 Qd7
15. Rfd1 b6 16. b4 Rad8 17. b5 Bb7 18. Nd5 Ne6 19. Bh3 Qc8 20. Bh6 Bh8 21. Nf4
f5 22. Nxe6 Qxe6 23. Re1 Qf6 24. exf5 gxf5 25. Bg5 Qf7 26. Qf4 Bc8 27. Bg2 Be5
28. Qd2 Bd7 29. Bd5 e6 30. Bxd8 exd5 31. cxd5 f4 32. Bg5 f3 33. Qd3 Qh5 34. Bh4
Qg4 35. Rc4 Qh3 36. Qxf3 Rf8 37. Qg2 Qxg2+ 38. Kxg2 Bxb5 39. Rg4+ Kh8 40. a4
Bd7 41. Rc4 b5 42. Rc7 Bg4 43. f4 Bd4 44. axb5 Rb8 45. Be7 Rxb5 46. Bf6+ Bxf6
47. Re8# 1-0

[Event "12th Philadelphia Open"]
[Site "Philadelphia"]
[Date "2018.03.28"]
[Round "1"]
[White "Yanayt, Eugene"]
[Black "Bryant, John Daniel"]
[Result "1-0"]
[ECO "E10"]
[WhiteElo "2127"]
[BlackElo "2461"]
[PlyCount "72"]
[EventDate "2018.03.??"]
[EventType "swiss"]
[EventRounds "9"]
[EventCountry "USA"]
[TimeControl "5400+30"]

1. d4 e6 2. c4 Nf6 3. Nf3 d5 4. g3 Be7 5. Bg2 O-O 6. O-O c6 7. Qc2 b6 8. Rd1
Bb7 9. Nc3 Nbd7 10. e4 dxc4 11. a4 Rc8 12. Nd2 Ba6 13. Bf1 Qe8 14. Nxc4 Bxc4
15. Bxc4 e5 16. Ba6 Rd8 17. d5 Nb8 18. Be2 h6 19. Be3 Bb4 20. Na2 Bd6 21. a5
cxd5 22. exd5 Nbd7 23. axb6 axb6 24. Bb5 Qe7 25. Nc3 Bc5 26. Bxc5 Qxc5 27. d6
e4 28. b4 Qe5 29. Bc6 Rfe8 30. Ra7 Re6 31. Nxe4 Nxe4 32. Bxd7 Rxd6 33. Re1 Rd4
34. Bc6 Rc8 35. Bxe4 Qb8 36. Qa2 Rf8 1-0

[Event "12th Philadelphia Open"]
[Site "Philadelphia"]
[Date "2018.03.29"]
[Round "2"]
[White "Homa, Seth"]
[Black "Pedersen, Christian Kyndel"]
[Result "0-1"]
[ECO "B96"]
[WhiteElo "2247"]
[BlackElo "2405"]
[PlyCount "80"]
[EventDate "2018.03.??"]
[EventType "swiss"]
[EventRounds "9"]
[EventCountry "USA"]
[TimeControl "5400+30"]

1. e4 c5 2. Nf3 d6 3. d4 cxd4 4. Nxd4 Nf6 5. Nc3 a6 6. Bg5 e6 7. f4 Nbd7 8. Qe2
Qc7 9. O-O-O b5 10. a3 Be7 11. Kb1 Bb7 12. g4 Rb8 13. Bxf6 Bxf6 14. g5 Bxd4 15.
Rxd4 e5 16. Nd5 Bxd5 17. exd5 O-O 18. fxe5 Nxe5 19. Bh3 Qc5 20. Rhd1 b4 21.
axb4 Rxb4 22. Rxb4 Qxb4 23. c3 Qc5 24. Rd4 Rb8 25. Kc1 g6 26. Bg2 Rb3 27. Ra4
a5 28. Kc2 Qb6 29. Ra2 a4 30. Be4 a3 31. bxa3 Rb1 32. Kd2 Rg1 33. Rc2 Qc5 34.
a4 Nc4+ 35. Kd3 Rxg5 36. Ra2 Re5 37. Qf2 Qa5 38. Qf6 Qb6 39. Qf2 Qb1+ 40. Rc2
Na3 0-1

[Event "12th Philadelphia Open"]
[Site "Philadelphia"]
[Date "2018.03.29"]
[Round "2"]
[White "Kretchetov, Alexandre"]
[Black "Sena, Juan"]
[Result "1-0"]
[ECO "D37"]
[WhiteElo "2244"]
[BlackElo "2026"]
[PlyCount "56"]
[EventDate "2018.03.??"]
[EventType "swiss"]
[EventRounds "9"]
[EventCountry "USA"]
[TimeControl "5400+30"]

1. Nf3 Nf6 2. c4 e6 3. Nc3 d5 4. d4 Be7 5. Bf4 O-O 6. e3 c5 7. cxd5 Nxd5 8.
Nxd5 Qxd5 9. Qb3 Qxb3 10. axb3 cxd4 11. exd4 Bb4+ 12. Bd2 Nc6 13. Bb5 Bd7 14.
Bxb4 Nxb4 15. Bxd7 Nc2+ 16. Ke2 Nxa1 17. Rxa1 Rfd8 18. Bb5 g5 19. h3 h5 20. Ke3
Kg7 21. Bc4 Kf6 22. Ra5 Rg8 23. g3 a6 24. h4 g4 25. Nd2 b5 26. Ne4+ Ke7 27. Bd3
Rgd8 28. Nc5 e5 1-0

[Event "12th Philadelphia Open"]
[Site "Philadelphia"]
[Date "2018.03.29"]
[Round "2"]
[White "Mulyar, Michael"]
[Black "Yanayt, Eugene"]
[Result "1-0"]
[ECO "E63"]
[WhiteElo "2396"]
[BlackElo "2127"]
[PlyCount "75"]
[EventDate "2018.03.??"]
[EventType "swiss"]
[EventRounds "9"]
[EventCountry "USA"]
[TimeControl "5400+30"]

1. d4 Nf6 2. Nf3 g6 3. c4 Bg7 4. g3 O-O 5. Bg2 d6 6. O-O Nc6 7. Nc3 a6 8. h3
Bd7 9. e4 e5 10. dxe5 dxe5 11. Be3 Be6 12. b3 h6 13. Qxd8 Rfxd8 14. Rfd1 Bf8
15. Nd5 Ne8 16. Rd2 Rd7 17. Rad1 Rad8 18. Ne1 f6 19. Nd3 Bxd5 20. exd5 Nd4 21.
Bxd4 exd4 22. Nf4 Ng7 23. Nxg6 Bc5 24. Nf4 Re7 25. Kf1 Rde8 26. Re2 Nf5 27.
Rxe7 Rxe7 28. Ne6 Bb4 29. g4 Nh4 30. Rxd4 Ng6 31. c5 Bc3 32. Rc4 Bd2 33. d6
cxd6 34. cxd6 Rd7 35. Rc8+ Kf7 36. Nd8+ Kg7 37. Nxb7 Nf4 38. Rc7 1-0

[Event "12th Philadelphia Open"]
[Site "Philadelphia"]
[Date "2018.03.29"]
[Round "2"]
[White "Niemann, Hans"]
[Black "Popilski, Gil"]
[Result "1/2-1/2"]
[ECO "E15"]
[WhiteElo "2302"]
[BlackElo "2502"]
[PlyCount "72"]
[EventDate "2018.03.??"]
[EventType "swiss"]
[EventRounds "9"]
[EventCountry "USA"]
[TimeControl "5400+30"]

1. d4 Nf6 2. c4 e6 3. Nf3 b6 4. g3 Bb4+ 5. Bd2 Bxd2+ 6. Qxd2 Ba6 7. Qc2 c6 8.
Bg2 d5 9. Nbd2 O-O 10. O-O Nbd7 11. Rfe1 Rc8 12. Rad1 c5 13. Qa4 Nb8 14. cxd5
exd5 15. dxc5 bxc5 16. e4 d4 17. Nc4 Nfd7 18. e5 Nb6 19. Nxb6 axb6 20. e6 Qe7
21. Qb3 fxe6 22. Qxb6 Bb7 23. Ne5 Bxg2 24. Kxg2 Rfe8 25. b4 Nd7 26. Nxd7 Qxd7
27. Re5 Qa4 28. Rd2 Qxb4 29. Qxb4 cxb4 30. Rxd4 Rc2 31. Rxb4 Rf8 32. Rf4 Rxf4
33. gxf4 Rxa2 34. Rxe6 Kf7 35. Rb6 Ra7 36. Kg3 Rc7 1/2-1/2

[Event "12th Philadelphia Open"]
[Site "Philadelphia"]
[Date "2018.03.29"]
[Round "2"]
[White "Saravanan, V."]
[Black "Burke, John M"]
[Result "1/2-1/2"]
[ECO "D45"]
[WhiteElo "2326"]
[BlackElo "2525"]
[PlyCount "91"]
[EventDate "2018.03.??"]
[EventType "swiss"]
[EventRounds "9"]
[EventCountry "USA"]
[TimeControl "5400+30"]

1. Nf3 d5 2. d4 Nf6 3. c4 e6 4. Nc3 c6 5. e3 Nbd7 6. Qc2 Bd6 7. Bd3 O-O 8. O-O
dxc4 9. Bxc4 b5 10. Be2 Bb7 11. b3 a6 12. a4 e5 13. dxe5 Nxe5 14. Bb2 Qc7 15.
h3 Rfd8 16. Ng5 Bf8 17. Nce4 Nxe4 18. Nxe4 Qe7 19. Rfc1 Nd7 20. Bd4 c5 21. Nxc5
Nxc5 22. Qxc5 Qe4 23. Qg5 Rxd4 24. Bf3 Rd5 25. Bxe4 Rxg5 26. Bxb7 Ra7 27. Rc7
bxa4 28. bxa4 Ra5 29. g4 h5 30. Kg2 hxg4 31. hxg4 Rc5 32. Rxc5 Bxc5 33. Bd5 g6
34. Rb1 Kg7 35. Rb8 Rd7 36. e4 g5 37. Ra8 Rd6 38. f3 Rb6 39. Kf1 Rb2 40. Ke1 a5
41. Kd1 Bb6 42. Rb8 Bd4 43. Rd8 Rf2 44. Bxf7 Rf1+ 45. Ke2 Rf2+ 46. Kd1 1/2-1/2

[Event "12th Philadelphia Open"]
[Site "Philadelphia"]
[Date "2018.03.29"]
[Round "2"]
[White "Senft, Sean"]
[Black "Shabalov, Alexander"]
[Result "0-1"]
[ECO "A40"]
[WhiteElo "2031"]
[BlackElo "2568"]
[PlyCount "68"]
[EventDate "2018.03.??"]
[EventType "swiss"]
[EventRounds "9"]
[EventCountry "USA"]
[TimeControl "5400+30"]

1. d4 Nc6 2. Nf3 d6 3. c4 Bg4 4. Nc3 Nf6 5. d5 Bxf3 6. exf3 Nb8 7. Bd3 g6 8.
O-O Bg7 9. Be3 O-O 10. Qd2 c6 11. dxc6 Nxc6 12. Bh6 Qa5 13. Bxg7 Kxg7 14. Be4
Rac8 15. Bxc6 Rxc6 16. Qe2 e6 17. Ne4 Qe5 18. Rfe1 Rfc8 19. b3 d5 20. cxd5 exd5
21. Nxf6 Qxf6 22. Qd2 d4 23. Rad1 Rd6 24. Rc1 Rc3 25. h3 b5 26. b4 Rc4 27. Re4
Rd5 28. Rf4 Qd6 29. Rh4 h5 30. Re1 Qxb4 31. Qd1 d3 32. Rxc4 bxc4 33. Re4 Qc5
34. Qc1 c3 0-1

[Event "12th Philadelphia Open"]
[Site "Philadelphia"]
[Date "2018.03.29"]
[Round "2"]
[White "Tang, Andrew"]
[Black "Wang, Qibiao"]
[Result "1-0"]
[ECO "D00"]
[WhiteElo "2509"]
[BlackElo "2324"]
[PlyCount "55"]
[EventDate "2018.03.??"]
[EventType "swiss"]
[EventRounds "9"]
[EventCountry "USA"]
[TimeControl "5400+30"]

1. d4 d5 2. Bf4 Nf6 3. e3 c5 4. dxc5 Nc6 5. Bb5 e6 6. b4 a5 7. c3 Bd7 8. Qb3
Ne4 9. f3 e5 10. fxe4 exf4 11. exd5 Qh4+ 12. Kd1 Qf2 13. Nf3 Qxg2 14. Rf1 Bg4
15. Nbd2 fxe3 16. Be2 O-O-O 17. Rg1 Qh3 18. Rxg4 Qxg4 19. dxc6 Qe6 20. cxb7+
Kxb7 21. Nd4 Rxd4 22. cxd4 exd2 23. bxa5+ Qxb3+ 24. axb3 Be7 25. a6+ Ka7 26. b4
Bf6 27. b5 Bxd4 28. b6+ 1-0

[Event "12th Philadelphia Open"]
[Site "Philadelphia"]
[Date "2018.03.29"]
[Round "2.1"]
[White "Yu, Jennifer"]
[Black "Sevian, Samuel"]
[Result "0-1"]
[ECO "E46"]
[WhiteElo "2367"]
[BlackElo "2619"]
[PlyCount "66"]
[EventDate "2018.03.??"]
[EventType "swiss"]
[EventRounds "9"]
[EventCountry "USA"]
[TimeControl "5400+30"]
[WhiteClock "0:00:04"]
[BlackClock "0:14:38"]

1. d4 Nf6 2. c4 e6 3. Nc3 Bb4 4. e3 O-O 5. Nge2 d5 6. a3 Bd6 7. Ng3 c6 8. Be2 dxc4 9. Bxc4 e5 10. dxe5 Bxe5 11. O-O Nbd7 12. Qc2 Nb6 13. Ba2 Re8 14. Nce2 h5 15. Rd1 Qe7 16. Nd4 Rd8 17. b4 h4 18. Nge2 h3 19. g3 Bg4 20. Bb2 Rd7 21. Re1 Re8 22.
Rad1 Nbd5 23. Rd3 Bc7 24. f3 Nxe3 25. Qd2 Ng2 26. Rf1 Bb6 27.
Rf2 Bf5 28. Nxf5 Qxe2 29. Qxe2 Rxe2 30. Bd4 Re1+ 31. Rf1 g6 32. Rxe1 Nxe1 33. Re3 Rxd4 0-1

[Event "12th Philadelphia Open"]
[Site "Philadelphia"]
[Date "2018.03.29"]
[Round "2.2"]
[White "Zhou, Jianchao"]
[Black "Hong, Andrew"]
[Result "1/2-1/2"]
[ECO "D00"]
[WhiteElo "2611"]
[BlackElo "2365"]
[PlyCount "121"]
[EventDate "2018.03.??"]
[EventType "swiss"]
[EventRounds "9"]
[EventCountry "USA"]
[TimeControl "5400+30"]
[WhiteClock "0:27:50"]
[BlackClock "0:26:20"]

1. d4 d5 2. Bf4 c5 3. e3 Nc6 4. c3 Nf6 5. Nd2 Bf5 6. Qb3 Qc8 7. Ngf3 e6 8.
Nh4 Be4 9. Nhf3 Bf5 10. Be2 Be7 11. Ne5 Nxe5 12. Bxe5 O-O 13. g4 Nxg4 14. Bxg4 Bxg4 15. Rg1 f6 16. Rxg4 fxe5 17. dxe5 b5 18.
f4 a5 19. Ke2 a4 20. Qc2 Ra7 21. Rag1 Bd8 22. R1g3 Qc6 23. Rh3 Rf5 24. e4 dxe4 25. Qxe4 Qxe4+ 26. Nxe4 h5 27. Rg6 Rxf4 28. Nxc5 Bb6 29. Nxe6 Rf2+ 30. Kd3 Rxb2 31. Nf4 Bc7 32. Nxh5 Bxe5 33. Re3 Kh7 34. Rg5 Bxh2 35. Rh3 Kg8 36. Nf6+ Kf7 37. Ng4 Rd7+ 38. Ke4 Bb8 39. Rf3+ Ke8 40. Rgf5 Re2+ 41. Ne3 Ba7 42. Rf8+ Ke7 43. R8f7+ Ke6 44. Rxd7 Bxe3 45. Rb7 Bg5+ 46. Kd4 Rxa2 47. Rxb5 Bf6+ 48. Kc4 a3 49. Ra5 Ra1 50. Kb3 Rb1+ 51. Kxa3 Ra1+ 52. Kb4 Rxa5 53. Kxa5 g5 54. c4 g4 55. Rf4 g3 56. Rg4 Be5 57. Kb5 Kf5 58. Rg8 Kf4 59. c5 Kf3 60.
Rf8+ Kg4 61. Rg8+ 1/2-1/2

[Event "12th Philadelphia Open"]
[Site "Philadelphia"]
[Date "2018.03.29"]
[Round "2.3"]
[White "Katz, Alexander"]
[Black "Li, Ruifeng"]
[Result "1/2-1/2"]
[ECO "B90"]
[WhiteElo "2347"]
[BlackElo "2585"]
[PlyCount "66"]
[EventDate "2018.03.??"]
[EventType "swiss"]
[EventRounds "9"]
[EventCountry "USA"]
[TimeControl "5400+30"]
[WhiteClock "0:07:06"]
[BlackClock "0:29:19"]

1. e4 c5 2. Nf3 d6 3. d4 cxd4 4. Nxd4 Nf6 5. Nc3 a6 6. h3 g6 7. g4 Bg7 8. Be3 Nc6 9. Qd2 O-O 10.
O-O-O Bd7 11. g5 Nh5 12. Be2 Nf4 13. Bg4 Ne6 14. Nxc6 bxc6 15. f4 Qa5 16. f5 Rab8 17. Rdf1 Qb4 18. f6 Qxb2+ 19. Kd1 exf6 20. gxf6 Bxf6 21. Rxf6 Qa1+ 22. Ke2 Qxh1 23. Qxd6 Rbd8 24. Kf2 Ng7 25. Bxd7 Ne8 26. Qe5 Nxf6 27. Qxf6 Rxd7 28. Bh6 Rd2+ 29. Bxd2 Qh2+ 30. Ke1 Qg3+ 31. Ke2 Qxh3 32. Nd5 Qg2+ 33. Ke3 Qg1+ 1/2-1/2

[Event "12th Philadelphia Open"]
[Site "Philadelphia"]
[Date "2018.03.29"]
[Round "2.4"]
[White "Azarov, Sergei"]
[Black "Li, Ben"]
[Result "1-0"]
[ECO "C96"]
[WhiteElo "2570"]
[BlackElo "2347"]
[PlyCount "137"]
[EventDate "2018.03.??"]
[EventType "swiss"]
[EventRounds "9"]
[EventCountry "USA"]
[TimeControl "5400+30"]
[WhiteClock "0:00:19"]
[BlackClock "0:00:02"]

1. e4 e5 2. Nf3 Nc6 3. Bb5 a6 4. Ba4 Nf6 5. O-O Be7 6. Re1 b5 7. Bb3 d6 8. c3 O-O 9. h3 Na5 10. Bc2 c5 11. d4 cxd4 12. cxd4 Re8 13. d5 Bd7 14. Nbd2 Qc7 15.
Nf1 Rec8 16. Bd3 Nb7 17. Bd2 Nc5 18. Rc1 Qd8 19. Bb1 a5 20.
b3 g6 21. Ng3 Bf8 22. Be3 Qb6 23. Re2 Be8 24. Bd3 Nfd7 25. Rec2 Qb7 26. Be2 b4 27. Qf1 Rcb8 28. Bxc5 Nxc5 29. Rxc5 dxc5 30. Nxe5 a4 31. Bc4 axb3 32. Bxb3 Bb5 33. Nc4 Bg7 34. Qd1 Rd8 35. f4 Bd4+ 36. Kh1 Rab8 37. Qf3 h5 38. f5 Bxc4 39. Bxc4 Kg7 40. Ne2 Be5 41. fxg6 fxg6 42. Nf4 Bxf4 43. Qxf4 Qe7 44. e5 Rf8 45. Qe4 Rf5 46. Re1 Re8 47. d6 Qd8 48. Qb7+ Kh6 49. Qd5 Qh4 50. Qd2+ Kh7 51. d7 Rd8 52. Bb5 Qe7 53. e6 Rf6 54. Bc4 Kg7 55. Qe2 Kh7 56. Qe5 Rf5 57. Qe4 Rf6 58. Rd1 Rf5 59. Qd3 Kg7 60. Qg3 Rf6 61. Qe5 Kh7 62. Qd6 Qg7 63. Qxc5 Rf5 64. e7 Rxc5 65. exd8=Q Rxc4 66. Qe8 Rd4 67. Rxd4 Qxd4 68. d8=Q Qa1+ 69. Kh2 1-0

[Event "12th Philadelphia Open"]
[Site "Philadelphia"]
[Date "2018.03.29"]
[Round "3"]
[White "Checa, Nicolas"]
[Black "Mulyar, Michael"]
[Result "1/2-1/2"]
[ECO "A09"]
[WhiteElo "2485"]
[BlackElo "2396"]
[PlyCount "56"]
[EventDate "2018.03.??"]
[EventType "swiss"]
[EventRounds "9"]
[EventCountry "USA"]
[TimeControl "5400+30"]

1. Nf3 d5 2. c4 d4 3. g3 c5 4. Bg2 Nc6 5. O-O e5 6. d3 Bd6 7. e3 Nge7 8. Ng5
O-O 9. Ne4 f5 10. Nxd6 Qxd6 11. exd4 Nxd4 12. f4 Ng6 13. fxe5 Qxe5 14. Nc3 Bd7
15. Nd5 Bc6 16. Re1 Qd6 17. Be3 Rae8 18. b4 b6 19. bxc5 bxc5 20. Bxd4 cxd4 21.
Qd2 f4 22. Rxe8 Rxe8 23. gxf4 Nh4 24. Re1 Rxe1+ 25. Qxe1 Nxg2 26. Kxg2 Bxd5+
27. cxd5 Qxd5+ 28. Kg3 Kf7 1/2-1/2

[Event "12th Philadelphia Open"]
[Site "Philadelphia"]
[Date "2018.03.29"]
[Round "3"]
[White "Gorovets, Andrey"]
[Black "Niemann, Hans"]
[Result "0-1"]
[ECO "A28"]
[WhiteElo "2496"]
[BlackElo "2302"]
[PlyCount "100"]
[EventDate "2018.03.??"]
[EventType "swiss"]
[EventRounds "9"]
[EventCountry "USA"]
[TimeControl "5400+30"]

1. c4 Nf6 2. Nc3 e5 3. Nf3 Nc6 4. e3 Be7 5. a3 d5 6. cxd5 Nxd5 7. Bb5 Nxc3 8.
bxc3 O-O 9. d4 e4 10. Nd2 f5 11. O-O Be6 12. Rb1 Bd6 13. f4 exf3 14. Qxf3 Qh4
15. g3 Qh3 16. Rf2 Ne7 17. Bf1 Qh6 18. Rxb7 Nd5 19. Nb3 Nf6 20. c4 Ne4 21. Rb2
a5 22. c5 Bd5 23. Nd2 Qe6 24. Nxe4 fxe4 25. Qe2 Bxb7 26. Rxb7 Qc8 27. Rb2 Be7
28. Qc4+ Kh8 29. Qd5 Qg4 30. Be2 Qg6 31. Bd2 c6 32. Qh5 Qf6 33. Be1 Rab8 34.
Rxb8 Rxb8 35. Bxa5 Qg5 36. Bd2 Rb1+ 37. Kf2 Qf6+ 38. Kg2 g6 39. Qg4 Rb2 40. Bc3
Rc2 41. d5 Rxc3 42. d6 Bd8 43. Qxe4 Rxc5 44. Qe8+ Kg7 45. Qd7+ Qf7 46. Qxd8 Rc2
47. Qc7 Rxe2+ 48. Kh3 Rxe3 49. d7 Qf5+ 50. Kg2 Re2+ 0-1

[Event "12th Philadelphia Open"]
[Site "Philadelphia"]
[Date "2018.03.29"]
[Round "3"]
[White "Li, Ruifeng"]
[Black "Panchanatham, Vignesh"]
[Result "1/2-1/2"]
[ECO "A01"]
[WhiteElo "2585"]
[BlackElo "2384"]
[PlyCount "76"]
[EventDate "2018.03.??"]
[EventType "swiss"]
[EventRounds "9"]
[EventCountry "USA"]
[TimeControl "5400+30"]

1. b3 d5 2. Bb2 Nf6 3. e3 e6 4. Nf3 Nbd7 5. d4 a5 6. a3 Bd6 7. Bd3 c6 8. Nbd2
O-O 9. Ne5 Qc7 10. f4 b5 11. O-O Ba6 12. Qe2 c5 13. dxc5 Nxc5 14. Bxb5 Bxb5 15.
Qxb5 Rab8 16. Qe2 Rfc8 17. Rac1 Na4 18. Bd4 Nc3 19. Qd3 Na2 20. Rb1 Qxc2 21.
Qa6 Bxa3 22. Qa7 Qc7 23. Qxc7 Rxc7 24. Nec4 dxc4 25. Be5 c3 26. Bxc7 Rc8 27.
Ra1 Rxc7 28. Rxa2 cxd2 29. Rxa3 Rc1 30. Ra1 Rxa1 31. Rxa1 Ne4 32. b4 Nc3 33. b5
Ne2+ 34. Kf2 Nc1 35. Rxa5 Kf8 36. Ra8+ Ke7 37. Ra7+ Kd6 38. Ra8 Kd7 1/2-1/2

[Event "12th Philadelphia Open"]
[Site "Philadelphia"]
[Date "2018.03.29"]
[Round "3"]
[White "Narkeeran, Madhavan"]
[Black "Kretchetov, Alexandre"]
[Result "0-1"]
[ECO "D11"]
[WhiteElo "1909"]
[BlackElo "2244"]
[PlyCount "120"]
[EventDate "2018.03.??"]
[EventType "swiss"]
[EventRounds "9"]
[EventCountry "USA"]
[TimeControl "5400+30"]

1. d4 d5 2. c4 c6 3. Nf3 Nf6 4. e3 g6 5. Bd3 Bg7 6. Qc2 O-O 7. b3 c5 8. Bb2
cxd4 9. exd4 Nc6 10. a3 Nh5 11. c5 Nf4 12. O-O Ne6 13. Qd1 Nxc5 14. Be2 Ne4 15.
Nc3 Nxc3 16. Bxc3 Qd6 17. Qd2 Bf5 18. b4 Rac8 19. b5 Nb8 20. Bb4 Qf6 21. Rac1
Qe6 22. Rfe1 Qd7 23. Bc5 b6 24. Bb4 f6 25. a4 Rfe8 26. Red1 Bf8 27. Bf1 Rxc1
28. Rxc1 Rc8 29. Re1 Be6 30. Qe3 Bf7 31. Qf4 Qc7 32. Qe3 Qb7 33. Qa3 e6 34.
Bxf8 Rxf8 35. h4 Rc8 36. Rc1 Rc7 37. Rxc7 Qxc7 38. Qe3 Nd7 39. g3 e5 40. Bh3 e4
41. Bxd7 Qxd7 42. Nh2 Be6 43. Qf4 Kg7 44. g4 h6 45. g5 hxg5 46. hxg5 Qe7 47.
Ng4 Bxg4 48. Qxg4 fxg5 49. Qg3 Kf6 50. Kg2 Kf5 51. Qb3 Qd6 52. Qh3+ g4 53. Qh7
e3 54. fxe3 Ke4 55. Qxa7 Qf6 56. Qc7 Qf3+ 57. Kh2 Qf2+ 58. Kh1 g3 59. Qe7+ Kf3
60. Qf7+ Ke2 0-1